 Dungeon Crawl Stone Soup version 0.21-a0-352-g5b8f553 (webtiles) character file.

26 tof the Twirler (level 3, -14/22 HPs)
             Began as a Gargoyle Gladiator on Oct 10, 2017.
             Demolished by Robin
             ... wielding a +1 mace of distortion
              (15 damage)
             ... on level 2 of the Dungeon.
             The game lasted 00:01:32 (906 turns).

tof the Twirler (Gargoyle Gladiator)                 Turns: 906, Time: 00:01:32

Health: -14/22     AC:  8    Str: 18    XL:     3   Next: 8%
Magic:  3/3        EV: 12    Int:  8    God:
Gold:   35         SH:  0    Dex: 11    Spells: 2/2 levels left

rFire    . . .     SeeInvis +   a - +0 quarterstaff
rCold    . . .     Gourm    .   (shield currently unavailable)
rNeg     + . .     Faith    .   b - +0 leather armour
rPois    ∞         Spirit   .   c - +0 helmet
rElec    +         Reflect  .   (no cloak)
rCorr    .         Harm     .   n - +0 pair of gloves (curse)
MR       .....                  (no boots)
Stlth    +.........             (no amulet)
HPRegen  0.07/turn              l - ring of see invisible
MPRegen  0.08/turn              (no ring)

@: no status effects
A: negative energy resistance 1, electricity resistance, unbreathing,
petrification resistance, rot immunity, AC +3
a: no special abilities


You were on level 2 of the Dungeon.
You were not hungry.

You visited 1 branch of the dungeon, and saw 2 of its levels.

You collected 35 gold pieces.

Inventory:

Hand Weapons
 a - a +0 quarterstaff (weapon)
Missiles
 d - 3 throwing nets (quivered)
Armour
 b - a +0 leather armour (worn)
 c - a +0 helmet (worn)
 n - a cursed +0 pair of gloves (worn)
Jewellery
 l - a ring of see invisible (left hand)
Scrolls
 h - 2 scrolls of fear {unknown}
 k - a scroll of immolation {unknown}
 m - a scroll of identify {unknown}
Potions
 e - 2 potions of might {unknown}
Comestibles
 f - a bread ration
 g - a chunk of flesh
 i - 4 fruits
 j - a royal jelly


   Skills:
 + Level 2.6 Fighting
 * Level 3.6 Staves
 - Level 1.7 Throwing
 + Level 1.2 Armour
 - Level 2.4 Dodging


You had 2 spell levels left.
You didn't know any spells.

Dungeon Overview and Level Annotations

Branches:
Dungeon (2/15)

Altars:

Annotations:
D:2 Robin


Innate Abilities, Weirdness & Mutations

You are resistant to torment.
Your stone body is resilient. (AC +3)
You are immune to poison.
You resist negative energy. (rN+)
You are resistant to electric shocks. (rElec)
You can survive without breathing.
You are immune to petrification.
You are immune to rotting.


Message History

Things that are here:
a dagger; a goblin corpse You hear a shout! x2
You hit the goblin.
You kill the goblin!
Robin roars a battlecry!
Things that are here:
a club; a dagger; a goblin corpse Robin hits you but does no damage.
Space warps horribly around you!
You barely miss Robin.
Robin hits you with a mace of distortion.
Space bends around you.
* * * LOW HITPOINT WARNING * * *
A goblin comes into view. It is wielding a dagger.
You barely miss Robin.
Robin hits you with a mace of distortion.
* * * LOW HITPOINT WARNING * * *
Space warps horribly around you!
Ouch! That really hurt!
You die...

#. g #.. #. ..# ###
g# #.# #.. . #.# #.#
#.#.# #.#
.####g#.####.###.#
.......g@).......#
.....#.####.########
... #.# #.#......# .
..# #.#.#.#.## .###
#.#.#.#.# ..
#.#.#.#.# ##
#.#.#.#.# #.#.#.#.#
#...#.#<#


You could see Robin and a goblin.

Vanquished Creatures
  A giant cockroach (D:1)
  8 goblins
  5 hobgoblins (D:1)
  3 bats (D:1)
  A frilled lizard (D:1)
  3 kobolds (D:1)
  A rat (D:1)
22 creatures vanquished.

Notes
Turn   | Place    | Note
-------+----------+-------------------------------------------
     0 | D:1      | tof the Gargoyle Gladiator began the quest for the Orb.
     0 | D:1      | Reached XP level 1. HP: 12/12 MP: 1/1
    91 | D:1      | Reached XP level 2. HP: 18/18 MP: 2/2
   346 | D:1      | Reached skill level 1 in Armour
   718 | D:1      | Reached XP level 3. HP: 22/22 MP: 3/3
   893 | D:2      | Noticed Robin
   906 | D:2      | HP: 1/22 [Robin/mace of distortion (5)]
   906 | D:2      | Demolished by Robin

Vault maps used:
D:1:      nicolae_arrival_memento_mori
D:2:      nemelex_altar_shiori, uniq_robin

Skill      XL: |  1  2 |
---------------+-------+-----
Armour         | 1 |  1.2
Fighting       | |  2.6
Staves         | |  3.6
Throwing       | |  1.7
Dodging        | |  2.4

Action                   || total
-------------------------++-------
Melee: Quarterstaff      ||    65
Armor: Leather armour    ||    28
Dodge: Dodged            ||    37

Table legend:
 A = Spawn XP
 B = Non-spawn XP
 C = Spawn XP percentage of total XP
 D = Spawn monster count
 E = Non-spawn monster count
 F = Spawn count percentage of total count
 G = Total turns spent on level
                    A         B        C        D         E        F      G
               +---------+---------+-------+---------+---------+-------+---------
         Total |       0 |      38 |   0.0 |       0 |      22 |   0.0 |   906
               +---------+---------+-------+---------+---------+-------+---------
           D:1 |       0 |      35 |   0.0 |       0 |      20 |   0.0 |   865
           D:2 |       0 |       3 |   0.0 |       0 |       2 |   0.0 |    41
               +---------+---------+-------+---------+---------+-------+---------
